 Dungeon Crawl Stone Soup version 0.30-a0-168-g0b976cbdc4 (webtiles) character file.

Game seed: 12388487130193493238

5 JoshKwa the Firebug (level 1, 0/13 HPs)
             Began as a Human Fire Elementalist on Sept 30, 2022.
             Slain by a quokka (1 damage)
             ... on level 1 of the Dungeon.
             The game lasted 00:01:31 (182 turns).

JoshKwa the Firebug (Human Fire Elementalist)        Turns: 182, Time: 00:01:31

Health: 0/13       AC:  2    Str:  8    XL:     1   Next: 88%
Magic:  1/3        EV: 12    Int: 15    God:
Gold:   36         SH:  0    Dex: 13    Spells: 3/4 levels left

rFire   . . .      SeeInvis .    d - +0 short sword
rCold   . . .      Faith    .    (no shield)
rNeg    . . .      Spirit   .    a - +0 robe
rPois   .          Reflect  .    (no helmet)
rElec   .          Harm     .    (no cloak)
rCorr   .          Rampage  .    (no gloves)
Will    .....                    (no boots)
Stlth   ++........               (no amulet)
HPRegen 0.04/turn                (no ring)
MPRegen 0.08/turn                (no ring)

@: no status effects
A: no striking features
a: no special abilities


You were on level 1 of the Dungeon.
You visited 1 branch of the dungeon, and saw 1 of its levels.

You collected 36 gold pieces.

Inventory:

Hand Weapons
 d - a +0 short sword (weapon)
Armour
 a - a +0 robe (worn)
Scrolls
 c - a scroll of identify {unknown}
 e - a scroll of enchant armour {unknown}


   Skills:
 + Level 2.0 Dodging
 + Level 2.1 Stealth
 + Level 2.0 Spellcasting
 + Level 1.0 Conjurations
 + Level 3.2 Fire Magic


You had 3 spell levels left.
You knew the following spells:

 Your Spells              Type           Power      Damage    Failure   Level
a - Foxfire               Conj/Fire      28%        2x1d5     10%         1

Your spell library contained the following spells:

 Spells                   Type           Power      Damage    Failure   Level
 Scorch                   Fire           22%        2d6       9%          2
 Inner Flame              Hex/Fire       6%         N/A       34%         3
 Kindle Blastsparks       Fire/Tloc/Air  8%         2d10      38%         3
 Flame Wave               Conj/Fire      7%         2d5       67%         4


Dungeon Overview and Level Annotations

Branches:
Dungeon (1/15)

Altars:


Message History

The foxfire hits the hobgoblin.
The hobgoblin is heavily wounded.
The foxfire hits the hobgoblin but does no damage.
The hobgoblin is heavily wounded.
Casting: Foxfire (safe; 10% risk of failure)
Press: ? - help, Q - select action Dir - look around, f - activate You conjure some foxfire!
The foxfire hits the hobgoblin but does no damage.
The hobgoblin is heavily wounded.
The foxfire hits the hobgoblin but does no damage.
The hobgoblin is heavily wounded.
Magic courses through your body.
Casting: Foxfire (safe; 10% risk of failure)
Press: ? - help, Q - select action Dir - look around, f - activate You conjure some foxfire!
The foxfire hits the hobgoblin but does no damage.
The hobgoblin is moderately wounded.
The foxfire hits the hobgoblin.
The hobgoblin is heavily wounded.
Casting: Foxfire (safe; 10% risk of failure)
Press: ? - help, Q - select action Dir - look around, f - activate You conjure some foxfire!
The quokka bites you. The hobgoblin closely misses you.
The hobgoblin attacks as you move away! The hobgoblin barely misses you.
The foxfire hits the hobgoblin.
You kill the hobgoblin!
The foxfire hits the quokka but does no damage.
The quokka bites you. The quokka closely misses you.
Casting: Foxfire (safe; 10% risk of failure)
Press: ? - help, Q - select action Dir - look around, f - activate You conjure some foxfire!
The quokka barely misses you.
The foxfire hits the quokka.
The quokka is heavily wounded.
The foxfire hits the quokka but does no damage.
The quokka is heavily wounded.
The quokka bites you.
* * * LOW HITPOINT WARNING * * *
The quokka bites you.
You die...

..# #.# #.#
# #.## ..
#?.#
###.#####..#
#..........#
.....#.#...#
#......†.@.#
##......r.#
#.#.###..#
###
#........# #
#.#
#.......## #
#.####
##..###.#
###....# ..[
#.# ..#.##.#
.# #.#
#.#.##.# #.#


You could see a quokka.

Vanquished Creatures
  2 endoplasms (D:1)
  2 hobgoblins (D:1)
4 creatures vanquished.

Vanquished Creatures (others)
  18 foxfires (D:1)
18 creatures vanquished.

Grand Total: 22 creatures vanquished

Notes
Turn   | Place    | Note
-------+----------+-------------------------------------------
     0 | D:1      | JoshKwa the Human Fire Elementalist began the quest for the
                  | Orb.
     0 | D:1      | Reached XP level 1. HP: 13/13 MP: 3/3
   182 | D:1      | Slain by a quokka

Illustrated notes

Levels and vault maps discovered:
D:1:      minmay_arrival_four_loops, layout_basic

Action                   || total
-------------------------++-------
 Cast: Foxfire           ||    11
  Use: Potion            ||     1
Dodge: Dodged            ||     5

Table legend: (Time is in decaauts)
 A = Elapsed time spent in this place.
 B = Non-inter-level travel time spent in this place.
 C = Inter-level travel time spent in this place.
 D = Time resting spent in this place.
 E = Time spent auto-exploring this place.
 F = Levels seen in this place.
 G = Mean time per level.
                   A        B        C        D        E       F      G
               +--------+--------+--------+--------+--------+-----+--------+
         Total |    181 |    172 |      9 |      0 |      0 |   1 |  181.0 |
       Dungeon |    181 |    172 |      9 |      0 |      0 |   1 |  181.0 |
               +--------+--------+--------+--------+--------+-----+--------+

Top non-repeatable levels by time:
     D:1: 181 daAuts
